 Dungeon Crawl Stone Soup version 0.30-a0-50-gb2d611f6b1 (webtiles) character file.

Game seed: 1328329247088724760

6176 Destapler the Fighter (level 10, -6/94 HPs)
             Began as a Pale Draconian Berserker on Sept 3, 2022.
             Was an Elder of Trog.
             Mangled by a two-headed hydra (33 damage)
             ... on level 9 of the Dungeon.
             The game lasted 00:24:21 (10583 turns).

Destapler the Fighter (Pale Draconian Berserker)   Turns: 10583, Time: 00:24:22

Health: -6/94      AC:  8    Str: 19    XL:     10   Next: 60%
Magic:  10/10      EV:  2    Int:  8    God:    Trog [****..]
Gold:   584        SH:  0    Dex: 15    Spells: 9/9 levels left

rFire   + . .      SeeInvis .    r - +2 falchion (freeze)
rCold   . . .      Faith    .    (no shield)
rNeg    . . .      Spirit   .    (body armour unavailable)
rPois   .          Reflect  .    (helmet restricted)
rElec   .          Harm     .    o - +0 cloak
rCorr   +          Rampage  .    (no gloves)
Will    .....                    (no boots)
Stlth   +.........               (no amulet)
HPRegen 0.25/turn                b - ring of protection from fire
MPRegen 0.12/turn                d - ring of resist corrosion

@: short of breath, sleeping
A: breathe steam, AC +7, unfitting armour, cold-blooded, steam resistance
a: Breathe Steam, Renounce Religion, Berserk, Trog's Hand, Brothers in Arms


You were on level 9 of the Dungeon.
You worshipped Trog.
Trog was greatly pleased with you.
You visited 1 branch of the dungeon, and saw 9 of its levels.

You collected 584 gold pieces.

Inventory:

Hand Weapons
 r - a +2 falchion of freezing (weapon)
Armour
 o - a +0 cloak (worn)
Jewellery
 b - a ring of protection from fire (left hand)
 d - a ring of resist corrosion (right hand)
 t - a ring of fire
Wands
 x - a wand of flame (8)
Scrolls
 f - a scroll of enchant armour {unknown}
 i - 2 scrolls of torment {unknown}
 m - a scroll of fog {unknown}
 n - 3 scrolls of teleportation
 p - a scroll of immolation {unknown}
 q - a scroll of magic mapping
 u - a scroll of fear {unknown}
 w - a scroll of poison {unknown}
 y - 2 scrolls of identify
 z - a scroll of brand weapon {unknown}
 A - a scroll of blinking {unknown}
Potions
 a - a potion of mutation
 c - 4 potions of curing
 e - a potion of invisibility
 g - a potion of ambrosia {unknown}
 h - 4 potions of brilliance
 j - a potion of resistance {unknown}
 k - 5 potions of lignification
 l - a potion of flight {unknown}
 s - 2 potions of berserk rage {unknown}
 v - 2 potions of might {unknown}


   Skills:
 + Level 10.7 Fighting
 + Level 9.8 Long Blades
 + Level 9.0 Dodging


You had 9 spell levels left.
You didn't know any spells.
Your spell library contained the following spells:

 Spells                   Type           Power      Damage    Failure   Level
 Freeze                   Ice            0%         1d3       41%         1
 Slow                     Hex            0%         N/A       41%         1
 Ensorcelled Hibernation  Hex/Ice        0%         N/A       54%         2
 Passwall                 Tmut/Erth      0%         N/A       54%         2
 Sublimation of Blood     Necr           0%         N/A       54%         2
 Confusing Touch          Hex            0%         N/A       78%         3
 Frozen Ramparts          Ice            0%         1d1       78%         3
 Swiftness                Air            0%         N/A       78%         3
 Vampiric Draining        Necr           0%         2d6       78%         3
 Animate Dead             Necr           0%         N/A       99%         4
 Hailstorm                Conj/Ice       0%         3d3       99%         4
 Petrify                  Tmut/Erth      0%         N/A       99%         4
 Irradiate                Conj/Tmut      0%         3d11      100%        5
 Haunt                    Necr/Summ      0%         N/A       100%        7
 Infestation              Necr           0%         N/A       100%        8


Dungeon Overview and Level Annotations

Branches:
Dungeon (9/15)             Temple (0/1) D:7
   Lair: D:8-11         Orc: D:9-12

Altars:
Cheibriados
Elyvilon
Gozag
Kikubaaqudgha
Makhleb
Nemelex Xobeh
Ru
Sif Muna
Trog
Xom
Yredelemnul
Zin

Shops:
D:7 *

Annotations:
D:6 3 runed translucent doors, Soryeang's ghost, novice KoMo


Innate Abilities, Weirdness & Mutations

You can breathe blasts of scalding, opaque steam.
Your pale cyan-grey scales are hard. (AC +7)
You cannot fit into any form of body armour.
You are cold-blooded and may be slowed by cold attacks.
You are immune to the effects of steam.


Message History

That's the wrong kind of item! (Use * to select it.) Evoke which item? (* to show all) (? for menu, Esc to quit)
Okay, then.
Aiming: Throw Flame
Press: ? - help, Shift-Dir - straight line, f/p - two-headed hydra
Aim: a two-headed hydra (heavily wounded, 89% to hit)
The puff of flame hits the two-headed hydra.
The two-headed hydra is heavily wounded.
The dream sheep is engulfed in a cloud of scalding steam.
The two-headed hydra bites you! The two-headed hydra bites you.
Aiming: Throw Flame
Press: ? - help, Shift-Dir - straight line, f/p - two-headed hydra
Aim: a two-headed hydra (heavily wounded, 89% to hit)
The puff of flame hits the two-headed hydra!
The two-headed hydra is severely wounded.
The two-headed hydra bites you! The two-headed hydra barely misses you.
Aiming: Throw Flame
Press: ? - help, Shift-Dir - straight line, f/p - two-headed hydra
Aim: a two-headed hydra (severely wounded, 89% to hit)
The puff of flame hits the two-headed hydra!
The two-headed hydra is severely wounded.
The dream sheep shake their wool and sparkle.
You feel drowsy...
You fall asleep.
The two-headed hydra bites you!!
You wake up.
* * * LOW HITPOINT WARNING * * *
The two-headed hydra bites you.
* * * LOW HITPOINT WARNING * * *
As you read the scroll labelled KUF MYDUXKANT, it crumbles to dust.
You feel aware of your surroundings.
It was a scroll of magic mapping.
The two-headed hydra completely misses you.
The two-headed hydra bites you.
* * * LOW HITPOINT WARNING * * *
The two-headed hydra attacks as you move away!
The two-headed hydra closely misses you.
The two-headed hydra bites you.
* * * LOW HITPOINT WARNING * * *
The dream sheep shake their wool and sparkle.
You feel drowsy...
You fall asleep.
The two-headed hydra bites you!!
You die...

#..................
##.........##......
##........###......
#..................
#...........#......
#..........##......
#.............###..
#..........#### #..
#.@.......## ##.#
#D#########* #...
#.#.....#..* #...
#Y#.♣.♣.o.,* #...
#K#§.♣Y.',.* #...
#YK.♣.♣.'..* #...
###KYY..#..* ##...
#~K~~~##'* *#....
#~~~o~#,,* #.....


You could see a two-headed hydra, a kobold brigand and 2 dream sheep.

Vanquished Creatures
  3 two-headed ogres (D:8)
  A troll (D:8)
  Sigmund (D:6)
  A steam dragon (D:9)
  2 vampire mosquitoes (D:9)
  A water moccasin (D:8)
  3 black bears
  3 orc warriors (D:9)
  3 ice beasts
  2 ogres (D:7)
  3 centaurs
  A phantom (D:5)
  A kobold brigand (D:9)
  4 bullfrogs
  A necrophage (D:8)
  A scorpion (D:7)
  8 wights
  A howler monkey (D:8)
  11 orc priests
  5 hounds
  4 jellies
  A centaur zombie (D:8)
  A gnoll bouda (D:4)
  Crazy Yiuf (D:2)
  An iguana (D:5)
  17 orc wizards
  A killer bee zombie (D:8)
  4 gnolls (D:4)
  5 adders
  A white imp (D:5)
  2 worms
  A dart slug (D:5)
  40 orcs
  2 bats (D:1)
  8 endoplasms
  A giant cockroach (D:1)
  6 goblins
  5 hobgoblins
  5 kobolds
  6 quokkas
  3 ball pythons
  4 frilled lizards
  4 rats
179 creatures vanquished.

Vanquished Creatures (others)
  30 plants
30 creatures vanquished.

Grand Total: 209 creatures vanquished

Notes
Turn   | Place    | Note
-------+----------+-------------------------------------------
     0 | D:1      | Destapler the Draconian Berserker began the quest for the
                  | Orb.
     0 | D:1      | Reached XP level 1. HP: 19/19 MP: 1/1
   331 | D:1      | Reached XP level 2. HP: 24/26 MP: 2/2
  1795 | D:2      | Reached XP level 3. HP: 33/33 MP: 3/3
  2162 | D:2      | Found a runed translucent door.
  2163 | D:2      | Noticed Crazy Yiuf
  2258 | D:2      | Reached ** piety under Trog
  2418 | D:2      | Killed Crazy Yiuf
  2419 | D:2      | Reached skill level 4 in Fighting
  2642 | D:3      | Found a sacrificial altar of Ru.
  2659 | D:3      | Reached XP level 4. HP: 40/40 MP: 4/4
  2818 | D:3      | Found a white marble altar of Elyvilon.
  2866 | D:3      | Found a shimmering blue altar of Sif Muna.
  2912 | D:3      | You fall into a shaft and drop 2 floors!
  2912 | D:5      | Entered Level 5 of the Dungeon
  3417 | D:5      | Noticed a black bear
  3420 | D:5      | Noticed a black bear
  3428 | D:5      | Killed a black bear
  3429 | D:5      | Reached XP level 5. HP: 47/47 MP: 5/5
  3435 | D:5      | Killed a black bear
  3436 | D:5      | Reached skill level 5 in Fighting
  3436 | D:5      | Reached XP level 6. HP: 56/56 MP: 6/6
  4068 | D:3      | Found a shimmering altar of Xom.
  4709 | D:4      | Reached skill level 5 in Long Blades
  5177 | D:5      | Your scales start taking on a pale cyan-grey colour.
  5177 | D:5      | Reached XP level 7. HP: 62/62 MP: 7/7
  5177 | D:5      | Gained mutation: You are immune to the effects of steam.
                  | [Pale Draconian growth]
  5298 | D:5      | Reached skill level 6 in Fighting
  5298 | D:5      | Reached skill level 5 in Dodging
  5319 | D:5      | Found a burning altar of Makhleb.
  5676 | D:6      | Noticed a four-headed hydra
  5677 | D:6      | Found a runed translucent gate.
  5677 | D:6      | Found a runed translucent gate.
  5679 | D:6      | Found a runed translucent gate.
  5679 | D:6      | Noticed Soryeang's ghost (novice KoMo)
  5846 | D:6      | Reached XP level 8. HP: 71/71 MP: 8/8
  5881 | D:6      | Reached skill level 7 in Fighting
  6009 | D:6      | Noticed Sigmund
  6016 | D:6      | Killed Sigmund
  6118 | D:6      | Reached *** piety under Trog
  6596 | D:6      | Found a glowing silver altar of Zin.
  6783 | D:7      | Found Eloetos's Assorted Antiques.
  6802 | D:7      | Found a staircase to the Ecumenical Temple.
  6809 | D:7      | Reached skill level 8 in Fighting
  6886 | D:7      | Reached XP level 9. HP: 81/81 MP: 9/9
  7832 | D:7      | Found a snail-covered altar of Cheibriados.
  8053 | D:8      | Found a sparkling altar of Nemelex Xobeh.
  8131 | D:8      | Reached skill level 9 in Fighting
  8132 | D:8      | Noticed a two-headed ogre
  8173 | D:8      | Killed a two-headed ogre
  8648 | D:8      | Reached **** piety under Trog
  8890 | D:8      | Noticed a two-headed ogre
  8905 | D:8      | Killed a two-headed ogre
  8906 | D:8      | Reached XP level 10. HP: 93/93 MP: 10/10
  9073 | D:8      | Found an ancient bone altar of Kikubaaqudgha.
  9074 | D:8      | Found a bloodstained altar of Trog.
  9223 | D:8      | Noticed a two-headed ogre
  9230 | D:8      | Killed a two-headed ogre
  9231 | D:8      | Reached skill level 10 in Fighting
  9522 | D:8      | Found a basalt altar of Yredelemnul.
  9899 | D:9      | Found an opulent altar of Gozag.
 10570 | D:9      | Noticed a two-headed hydra
 10572 | D:9      | Identified the +4 halberd of the Incandescent {vorpal,
                  | Str+4}
 10583 | D:9      | Mangled by a two-headed hydra

Illustrated notes

Levels and vault maps discovered:
D:1:      onia_arrival_mini_maze, layout_basic, minmay_misc_feat_cross,
          hex_medium, serial_bayou_crossing
D:2:      layout_basic, uniq_crazy_yiuf_cottage
D:3:      layout_basic, led_sif_pool, elyvilon_altar_3,
          mainiacjoe_overflow_surrounded_room, mainiacjoe_overflow_boulevard,
          feat_on_display
D:4:      layout_loops_ring
D:5:      layout_basic, bloody_makhleb, serial_bayou_lake_a
D:6:      minmay_flawed_box, layout_loops_ring, lemuel_doored_altar,
          gammafunk_ghost_split, minmay_misc_feat_roman, uniq_sigmund
D:7:      layout_cave_pods, lemuel_tele_altar,
          minmay_temple_entry_statues_fountains, serial_shops,
          nicolae_shop_crystal, minivault_24, nicolae_hexahallways
D:8:      minmay_octagon_keep, layout_layer_cave, nemelex_diamond_rough_becter,
          lemuel_zombie_altar_yredelemnul, mainiacjoe_overflow_divided_tiny
D:9:      layout_rooms, nicolae_gozag_cash_rules_everything_around_me,
          minivault_23, hangedman_ranch

Skill      XL: |  1  2  3  4  5  6  7  8  9 10 |
---------------+-------------------------------+-----
Dodging        | 3 4 5 6 8 9 |  9.0
Fighting       | 4 5 6 8 9 10 | 10.7
Long Blades    | 4 5 6 7 9 |  9.8

Action                   |  1- 3 |  4- 6 |  7- 9 | 10-12 || total
-------------------------+-------+-------+-------+-------++-------
Melee: Falchion          |   101 |   136 |   167 |    47 ||   451
       Tailslap          |     7 |    21 |    29 |     4 ||    61
       Punch             |       |     2 |     1 |       ||     3
Invok: Berserk           |     2 |     6 |     6 |     4 ||    18
 Abil: Breathe Steam     |       |       |    31 |    14 ||    45
Evoke: Wand              |       |       |       |     4 ||     4
  Use: Scroll            |       |       |     6 |     1 ||     7
 Stab: Sleeping          |     2 |       |     2 |       ||     4
       Distracted        |       |     1 |       |       ||     1
Armor: Skin              |    25 |    42 |    48 |    12 ||   127
Dodge: Dodged            |    54 |   103 |    90 |    50 ||   297

Table legend: (Time is in decaauts)
 A = Elapsed time spent in this place.
 B = Non-inter-level travel time spent in this place.
 C = Inter-level travel time spent in this place.
 D = Time resting spent in this place.
 E = Time spent auto-exploring this place.
 F = Levels seen in this place.
 G = Mean time per level.
                   A        B        C        D        E       F      G
               +--------+--------+--------+--------+--------+-----+--------+
         Total |  10807 |  10230 |    577 |   2048 |   6803 |   9 | 1200.8 |
       Dungeon |  10807 |  10230 |    577 |   2048 |   6803 |   9 | 1200.8 |
               +--------+--------+--------+--------+--------+-----+--------+

Top non-repeatable levels by time:
     D:8: 1979 daAuts
     D:5: 1509 daAuts
     D:1: 1344 daAuts
     D:2: 1327 daAuts
     D:6: 1209 daAuts
     D:7: 1106 daAuts
     D:4: 963 daAuts
     D:9: 716 daAuts
     D:3: 649 daAuts
